 Dungeon Crawl Stone Soup version 0.31-a0-237-g2d982f9f85 (webtiles) character file.

Game seed: 17930551137511817580

2 cforsyth the Ruffian (level 1, 0/28 HPs)
             Began as an Ogre Transmuter on July 11, 2023.
             Slain by a kobold
             ... wielding a +1 antimagic short sword
              (2 damage)
             ... on level 1 of the Dungeon.
             The game lasted 00:00:59 (73 turns).

cforsyth the Ruffian (Ogre Transmuter)                Turns: 73, Time: 00:00:59

Health: 0/28       AC: 20    Str: 13    XL:     1   Next: 30%
Magic:  0/3        EV:  1    Int: 14    God:
Gold:   0          SH:  0    Dex:  9    Spells: 3/4 levels left

rFire   . .          .
                       - Unarmed
rCold   . . .        (no shield)
rNeg    . . .        a - melded +0 robe
rPois   +            (helmet currently unavailable)
rElec   .            (cloak currently unavailable)
rCorr   .            (gloves unavailable)
SInv    .            (boots unavailable)
Will    .....        (no amulet)
Stlth   +            (no ring)
HPRegen 0.24/turn    (no ring)
MPRegen 0.08/turn

%: no passive effects
@: tree-form
A: stationary, stasis, torment immunity, boosted hp, large, unfitting armour,
(tough skin 1)
a: no special abilities


You were on level 1 of the Dungeon.
You were a tree.
You visited 1 branch of the dungeon, and saw 1 of its levels.

Inventory:

Armour
 a - a +0 robe (melded)


   Skills:
 - Level 1.3 Fighting
 - Level 1.7 Dodging
 + Level 2.8 Unarmed Combat
 - Level 2.4 Spellcasting
 - Level 1.7 Transmutations


You had 3 spell levels left.
You knew the following spells:

 Your Spells              Type           Power      Damage    Failure   Level
a - Beastly Appendage     Tmut           12%        N/A       11%         1

Your spell library contained the following spells:

 Spells                   Type           Power      Damage    Failure   Level
 Wereblood                Tmut           6%         N/A       17%         2
 Spider Form              Tmut/Pois      4%         N/A       43%         3
 Ice Form                 Ice/Tmut       4%         N/A       85%         4


Dungeon Overview and Level Annotations

Branches:
Dungeon (1/15)

Altars:


Innate Abilities, Weirdness & Mutations

You are a tree.
Your roots penetrate the ground, keeping you stationary.
You cannot be teleported.
You are immune to unholy pain and torment.
Your maximum health is greatly increased.
Your equipment is partially melded.
You are too large for most types of armour.
((You have tough skin. (AC +1)))


Message History

The kobold is moderately wounded.
The kobold hits you with a +1 antimagic short sword.
The ball python bites you.
You barely miss the kobold.
The kobold is moderately wounded.
The ball python completely misses you.
The kobold hits you with a +1 antimagic short sword.
You feel your power leaking away.
You are too injured to fight recklessly!
You are too injured to fight recklessly!
You are too injured to fight recklessly!
You are too injured to fight recklessly!
You are too injured to fight recklessly!
You are too injured to fight recklessly!
You are too injured to fight recklessly!
You are too injured to fight recklessly!
Unknown command.
You hit the kobold.
The kobold is severely wounded.
The ball python bites you but does no damage.
The kobold closely misses you.
You closely miss the kobold.
The kobold is severely wounded.
The ball python bites you. The kobold closely misses you.
You closely miss the kobold.
The kobold is severely wounded.
The ball python bites you.
The kobold hits you with a +1 antimagic short sword.
* * * LOW HITPOINT WARNING * * *
You barely miss the kobold.
The kobold is severely wounded.
The ball python bites you but does no damage.
The kobold hits you with a +1 antimagic short sword.
* * * LOW HITPOINT WARNING * * *
Really quaff the potion of lignification?
You turn into a tree.
Your +0 robe melds into your body.
Your roots penetrate the ground.
The ball python bites you but does no damage. x2
The kobold hits you with a +1 antimagic short sword.
You die...

.#(###......#.##>#
..... #.##
#........# ......
### #........#
###.###..
#........###.)......
#...##.........#
#.......####.####
#.......#[......#
#.#.##.##..S....#
... .. #..♣....# ##
### #..K....#
#.......# #.......#
#.......# #########


You could see a ball python and a kobold.

Vanquished Creatures
  A goblin (D:1)
  A frilled lizard (D:1)
2 creatures vanquished.

Notes
Turn   | Place    | Note
-------+----------+-------------------------------------------
     0 | D:1      | cforsyth the Ogre Transmuter began the quest for the Orb.
     0 | D:1      | Reached XP level 1. HP: 19/19 MP: 3/3
    73 | D:1      | Slain by a kobold

Illustrated notes

Levels and vault maps discovered:
D:1:      dpeg_arrival_rooms_a, layout_loops_cross, minmay_surrounded

Action                     || total
---------------------------++-------
  Melee: Unarmed           ||    16
         Kick              ||     2
   Cast: Beastly Appendage ||     2
    Use: Potion            ||     1
 Armour: Robe              ||     6
         Skin              ||     2
  Dodge: Dodged            ||     7

Table legend: (Time is in decaauts)
 A = Elapsed time spent in this place.
 B = Non-inter-level travel time spent in this place.
 C = Inter-level travel time spent in this place.
 D = Time resting spent in this place.
 E = Time spent auto-exploring this place.
 F = Levels seen in this place.
 G = Mean time per level.
                   A        B        C        D        E       F      G
               +--------+--------+--------+--------+--------+-----+--------+
         Total |     72 |     72 |      0 |      0 |     39 |   1 |   72.0 |
       Dungeon |     72 |     72 |      0 |      0 |     39 |   1 |   72.0 |
               +--------+--------+--------+--------+--------+-----+--------+

Top non-repeatable levels by time:
     D:1: 72 daAuts
